 Dungeon Crawl Stone Soup version 0.23-a0-677-g07611c5 (console) character file.

8 Duffy the Firebug (level 2, 11/19 HPs)
             Began as a Demonspawn Fire Elementalist on Jan 9, 2019.
             Quit the game on level 1 of the Dungeon.
             The game lasted 00:00:22 (376 turns).

Duffy the Firebug (Demonspawn Fire Elementalist)     Turns: 376, Time: 00:00:23

Health: 11/19      AC:  2    Str:  8    XL:     2   Next: 0%
Magic:  0/5        EV: 12    Int: 16    God:
Gold:   12         SH:  0    Dex: 13    Spells: 4/5 levels left

rFire    . . .     SeeInvis .   (no weapon)
rCold    . . .     Gourm    .   (no shield)
rNeg     . . .     Faith    .   a - +0 robe
rPois    .         Spirit   .   (no helmet)
rElec    .         Reflect  .   (no cloak)
rCorr    .         Harm     .   (no gloves)
MR       .....                  (no boots)
Stlth    ++........             (no amulet)
HPRegen  0.06/turn              (no ring)
MPRegen  0.09/turn              (no ring)

@: no status effects
A: sturdy frame 1
a: no special abilities


You were on level 1 of the Dungeon.
You were not hungry.

You visited 1 branch of the dungeon, and saw 1 of its levels.

You collected 12 gold pieces.

Inventory:

Armour
 a - a +0 robe (worn)
Potions
 d - a potion of mutation {unknown}
 e - a potion of invisibility {unknown}
 f - a potion of might {unknown}
Comestibles
 c - 2 rations


   Skills:
 - Level 1.7 Dodging
 - Level 1.7 Stealth
 - Level 2.0 Spellcasting
 + Level 2.1 Conjurations
 - Level 2.6 Fire Magic


You had 4 spell levels left.
You knew the following spells:

 Your Spells              Type           Power        Failure   Level  Hunger
h - Flame Tongue          Conj/Fire      #....        8%          1    #......

Your spell library contained the following spells:

 Spells                   Type           Power        Failure   Level  Hunger
 Throw Flame              Conj/Fire      #.....       12%         2    ###....
 Conjure Flame            Conj/Fire      #.......     24%         3    ###....
 Inner Flame              Hex/Fire       #.......     34%         3    ###....
 Sticky Flame             Conj/Fire      #.......     61%         4    #####..
 Fireball                 Conj/Fire      #.........   91%         5    ######.


Dungeon Overview and Level Annotations

Branches:
Dungeon (1/15)

Altars:


Innate Abilities, Weirdness & Mutations

Your movements are slightly less encumbered by armour. (ER -2)


Message History

You hit the jackal but do no damage.
The jackal is moderately wounded.
The jackal barely misses you. The jackal closely misses you.
Casting: Flame Tongue (safe; 8% risk of failure)
Confirm with . or Enter, or press ? or * to list all spells.
You don't have enough magic to cast that spell.
You hit the jackal but do no damage.
The jackal is moderately wounded.
The jackal misses you.
Casting: Flame Tongue (safe; 8% risk of failure)
Confirm with . or Enter, or press ? or * to list all spells.
Aiming: Flame Tongue (safe; 8% risk of failure)
Press: ? - help, Shift-Dir - straight line, f/p - jackal
Aim: a jackal (lightly wounded)
The flame tongue hits the jackal.
You kill the jackal!
You have reached level 2!
Your demonic ancestry asserts itself...
You feel less encumbered by your armour.
Are you sure you want to abandon this character and quit the game? (Confirm

### ##.## #
##...#### #
#.......# # #
##...##@# .#.##
#
##.###h##......
# #.#
#h..h.....
##### #.#
#.%#....#.
....# #.# #..#
...# ###.# #.#
#... .## ..#.#
###.# ##.## #
#.#.# #...# #.#
....# #.### #.#


You could see 2 jackals.

Vanquished Creatures
  A goblin (D:1)
  2 jackals (D:1)
  A ball python (D:1)
  A bat (D:1)
  3 frilled lizards (D:1)
  A rat (D:1)
9 creatures vanquished.

Notes
Turn   | Place    | Note
-------+----------+-------------------------------------------
     0 | D:1      | Duffy the Demonspawn Fire Elementalist began the quest for
                  | the Orb.
     0 | D:1      | Reached XP level 1. HP: 13/13 MP: 3/3
   375 | D:1      | Gained mutation: Your movements are slightly less
                  | encumbered by armour. (ER -2) [demonic ancestry]
   375 | D:1      | Reached XP level 2. HP: 11/19 MP: 0/5
   376 | D:1      | Quit the game

Vault maps used:
D:1:      dpeg_arrival_pond

Skill      XL: |  1 |
---------------+----+-----
Conjurations   | 2 |  2.1
Dodging        | |  1.7
Stealth        | |  1.7
Spellcasting   | |  2.0
Fire Magic     | |  2.6

Action                   || total
-------------------------++-------
Melee: Unarmed           ||     8
 Cast: Flame Tongue      ||    14
Armor: Robe              ||     5
Dodge: Dodged            ||    16

Table legend:
 A = Non-vault XP
 B = Vault XP
 C = Vault XP percentage of total XP
 D = Non-vault monster count
 E = Vault monster count
 F = Vault count percentage of total count
                 A         B        C        D         E       F
            +---------+---------+-------+---------+---------+-------
      Total |      12 |       0 |   0.0 |       9 |       0 |   0.0
            +---------+---------+-------+---------+---------+-------
        D:1 |      12 |       0 |   0.0 |       9 |       0 |   0.0
            +---------+---------+-------+---------+---------+-------
